 Dungeon Crawl Stone Soup version 0.29.1-2-gbd0b4ee654 (webtiles) character file.

Game seed: 15301590092040955340

47 styxcanada the Sneak (level 3, -6/18 HPs)
             Began as a Spriggan Brigand on Nov 4, 2022.
             Mangled by a goblin
             ... wielding a +0 dagger of electrocution
             ... led by Robin
              (9 damage)
             ... on level 2 of the Dungeon.
             The game lasted 00:04:12 (1535 turns).

styxcanada the Sneak (Spriggan Brigand)             Turns: 1535, Time: 00:04:14

Health: -6/18      AC:  3    Str:  7    XL:     3   Next: 48%
Magic:  4/4        EV: 17    Int: 12    God:
Gold:   69         SH:  0    Dex: 18    Spells: 2/2 levels left

rFire   . . .      SeeInvis +   f - +0 short sword (elec)
rCold   . . .      Faith    .   (no shield)
rNeg    . . .      Spirit   .   b - +0 robe
rPois   .          Reflect  .   (helmet restricted)
rElec   .          Harm     .   c - +0 cloak
rCorr   .          Rampage  .   (gloves unavailable)
Will    .....                   (boots unavailable)
Stlth   ++++......              (no amulet)
HPRegen 0.06/turn               (no ring)
MPRegen 0.09/turn               (no ring)

@: very quick
A: very small, no large weapons, unfitting armour, see invisible, speed 3
a: no special abilities


You were on level 2 of the Dungeon.
You visited 1 branch of the dungeon, and saw 2 of its levels.

You collected 69 gold pieces.

Inventory:

Hand Weapons
 a - a +2 dagger
 f - a +0 short sword of electrocution (weapon)
 i - a +0 sling
Missiles
 d - 18 poisoned darts (quivered)
 e - 3 curare-tipped darts
 n - 7 stones
Armour
 b - a +0 robe (worn)
 c - a +0 cloak (worn)
Scrolls
 h - 2 scrolls of magic mapping {unknown}
 m - a scroll of immolation {unknown}
Potions
 g - a potion of magic
 j - a potion of lignification
 k - 2 potions of flight {unknown}
 l - a potion of brilliance {unknown}
 o - a potion of curing {unknown}


   Skills:
 * Level 1.9 Fighting
 + Level 2.4 Short Blades
 + Level 2.0 Throwing
 * Level 1.8 Dodging
 * Level 7.2 Stealth


You had 2 spell levels left.
You didn't know any spells.
Your spell library was empty.

Dungeon Overview and Level Annotations

Branches:
Dungeon (2/15)

Altars:

Annotations:
D:2 Robin


Innate Abilities, Weirdness & Mutations

You are very small and have problems with some larger weapons.
You are too small for most types of armour.
You have supernaturally acute eyesight. (SInv)
You cover ground extremely quickly. (Speed+++)


Message History

A goblin comes into view. It is wielding a +0 dagger.
A goblin comes into view. It is wielding a +0 dagger.
A goblin comes into view. It is wielding a +0 dagger.
Robin of the Strong Arm comes into view.
They are wielding a +0 club.
The goblin shouts! x2; Robin shouts!
You hear a shout!
Robin roars a battlecry!
The goblins go into a battle-frenzy!
A goblin comes into view. It is wielding a +0 dagger.
Robin throws the goblin at you!
You closely miss the goblin. The goblin misses you.
The goblin hits you with a +0 dagger.
The goblin shouts!
You hit the goblin. Lightning courses through the goblin!
You kill the goblin!
A goblin comes into view. It is wielding a +0 club.
The goblin barely misses you.
You hit the goblin but do no damage. The goblin hits you with a +0 dagger.
A goblin comes into view.
It is wielding a +0 dagger of electrocution.
The goblin closely misses you.
The goblin shouts!
You hit the goblin.
You kill the goblin!
You see here a +0 dagger.
The goblin closely misses you.
You closely miss the goblin. Robin throws the goblin at you!
The goblin misses you.
You hit the goblin.
The goblin is severely wounded.
The goblin hits you with a +0 club. The goblin barely misses you.
You hit the goblin.
The goblin is moderately wounded.
The goblin misses you. x2
You hit the goblin.
You kill the goblin!
Robin throws the goblin at you!
The goblin hits you with a +0 dagger of electrocution.
* * * LOW HITPOINT WARNING * * *
You are electrocuted!
Ouch! That really hurt!
You die...

####.##.#.........)#<...# ..
#.............#.#######..
#####..#.#......###..)..†....
#......#.######## #########.#
##.###.##.# . #......##.#
#########.# #.#############
#...g@ggg.....g
###############


You could see Robin and 3 goblins.

Vanquished Creatures
  An adder (D:2)
  4 dart slugs (D:1)
  A bat (D:2)
  3 endoplasms
  A giant cockroach (D:1)
  A hobgoblin (D:2)
  2 jackals (D:2)
  3 kobolds
  2 quokkas (D:1)
  3 ball pythons
  6 goblins
  2 rats (D:1)
29 creatures vanquished.

Notes
Turn   | Place    | Note
-------+----------+-------------------------------------------
     0 | D:1      | styxcanada the Spriggan Brigand began the quest for the
                  | Orb.
     0 | D:1      | Reached XP level 1. HP: 10/10 MP: 2/2
    90 | D:1      | Reached skill level 6 in Stealth
   234 | D:1      | Reached XP level 2. HP: 6/15 MP: 3/3
  1249 | D:2      | Reached skill level 7 in Stealth
  1261 | D:2      | Reached XP level 3. HP: 16/18 MP: 4/4
  1522 | D:2      | Noticed Robin
  1535 | D:2      | Mangled by a goblin

Illustrated notes

Levels and vault maps discovered:
D:1:      dpeg_arrival_oval, layout_basic, kennysheep_decorative_pillar,
          grunt_decor_cap
D:2:      layout_basic, uniq_robin

Skill      XL: |  1  2 |
---------------+-------+-----
Stealth        | 6 7 |  7.2
Fighting       | |  1.9
Short Blades   | |  2.4
Throwing       | |  2.0
Dodging        | |  1.8

Action                   || total
-------------------------++-------
Melee: Dagger            ||    67
       Short sword       ||     8
Throw: Dart              ||    14
  Use: Scroll            ||     2
 Stab: Sleeping          ||     7
Armor: Robe              ||    12
Dodge: Dodged            ||    52
